Map: Whirlwind LE (Void)

Players

Musumeci

  • Race: Zerg Zerg
  • League: Diamond
  • Spawn Location: 11:00

Aha - Winner!

  • Race: Zerg Zerg
  • League: Diamond
  • Spawn Location: 7:00

VOD

Have the link to the VOD?

Description

Time

  • Played on: Dec. 30, 2016, 3:34 p.m.
  • Length: 11:17
Show
View Real Time Build Order
Export as new Build Order

Musumeci Zerg 

Build Orders: Hatch First, Zergling Baneling 

Get SALT Encoding   

  12  0:01  Drone  
  13  0:08  Drone  
  13  0:14  Extractor  
  13  0:16  Drone  
  15  0:22  Overlord  
  15  0:40  Drone x2  
  17  0:54  Hatchery  
  16  1:09  Extractor  
  15  1:13  Spawning Pool  
  15  1:17  Drone  
  15  1:18  Drone  
  16  1:21  Drone  
  17  1:45  Drone  
  17  1:46  Drone  
  19  1:50  Drone  
  20  2:00  Queen  
  22  2:06  Queen  
  22  2:07  Drone x2  
  26  2:17  Metabolic Boost  
  26  2:23  Drone  
  26  2:24  Drone  
  27  2:30  Zergling x2  
  28  2:40  Zergling x2  
  26  2:52  Overlord  
  26  2:55  Overlord  
  26  3:11  Zergling x4  
  28  3:12  Baneling Nest  
  28  3:15  Zergling x12  
  33  3:34  Zergling x2  
  33  3:35  Zergling x4  
  28  4:10  Zergling x14  
  28  4:14  Baneling x2  
  35  4:20  Baneling x8, Overlord x2  
  34  4:58  Spawning Pool, Zergling x8  
  34  5:13  Drone x7  
  39  5:30  Evolution Chamber  
  38  5:43  Baneling  
  38  5:44  Baneling x4  
  38  5:45  Zergling x10  
  38  5:46  Zergling x4  
  38  6:17  Zergling x2  
  38  6:18  Zergling x10  
  36  6:28  Zergling x4  
  38  6:36  Baneling x6  
  38  6:55  Baneling  
  38  6:56  Baneling  
  37  7:16  Extractor  
  37  7:18  Zergling x16  
  37  7:21  Extractor  
  33  8:10  Zergling x12  
  33  8:15  Spore Crawler  
  33  8:16  Spore Crawler  
  33  8:18  Spore Crawler  
  33  8:19  Zergling x2  
  31  8:21  Spore Crawler  
  31  8:24  Zergling x4  
  32  8:29  Spore Crawler  
  31  8:41  Zergling x4  
  28  8:54  Zergling x12  
  30  9:04  Queen  
  32  9:17  Spore Crawler  
  31  9:18  Overlord x2  
  31  9:23  Zergling x10  
  36  9:36  Evolution Chamber  
  27  9:46  Zergling x12  
  33  9:58  Drone x3  
  34  10:04  Zergling x2  
  34  10:12  Baneling x5  
  24  10:43  Zergling x22  
  24  10:49  Drone  
  36  10:55  Zergling x2  
Show
View Real Time Build Order
Export as new Build Order

Aha Zerg - Winner!

Build Orders: Pool First 

Get SALT Encoding   

  12  0:01  Drone  
  13  0:12  Overlord  
  13  0:17  Drone  
  14  0:30  Drone  
  14  0:31  Drone  
  14  0:34  Drone  
  17  0:44  Spawning Pool  
  17  0:46  Drone  
  17  1:10  Hatchery  
  16  1:12  Drone  
  16  1:15  Extractor  
  16  1:17  Drone  
  17  1:33  Queen, Zergling x4  
  21  1:42  Zergling x2  
  22  1:57  Overlord  
  22  2:15  Queen  
  22  2:17  Metabolic Boost  
  22  2:21  Drone x2  
  22  2:22  Drone  
  27  2:34  Drone  
  27  2:35  Drone x2  
  30  2:43  Drone  
  30  2:44  Drone x3  
  34  2:49  Drone  
  35  2:57  Drone  
  36  2:59  Overlord  
  36  3:08  Baneling Nest  
  36  3:11  Drone  
  36  3:12  Extractor  
  35  3:15  Overlord  
  35  3:16  Spine Crawler  
  34  3:28  Zergling x4  
  34  3:29  Drone  
  34  3:30  Drone x3  
  40  3:34  Queen  
  40  3:38  Zergling x2  
  40  3:39  Zergling x2  
  44  3:48  Zergling x2  
  44  3:49  Zergling x6  
  44  3:52  Baneling x3  
  44  3:53  Spine Crawler  
  46  4:03  Zergling x10  
  50  4:14  Drone x2  
  50  4:16  Lair  
  52  4:19  Drone, Extractor  
  52  4:20  Baneling x2  
  52  4:30  Overlord  
  52  4:36  Overlord  
  52  4:40  Overlord  
  52  4:51  Drone  
  52  4:52  Drone x7  
  60  4:54  Zergling x2  
  54  5:19  Zergling x12  
  54  5:20  Zergling x4  
  57  5:21  Baneling x2  
  57  5:28  Extractor  
  57  5:29  Zergling x4  
  57  5:32  Zergling x2  
  59  5:35  Spire  
  58  5:43  Zergling x6  
  58  5:46  Evolution Chamber  
  60  5:52  Baneling x3  
  60  5:53  Baneling  
  55  5:59  Zergling x8  
  59  6:06  Evolution Chamber  
  56  6:15  Drone x4  
  54  6:48  Drone x2  
  54  6:49  Drone x5  
  61  7:05  Mutalisk x3  
  61  7:06  Mutalisk  
  61  7:07  Mutalisk  
  70  7:15  Baneling x3  
  70  7:16  Mutalisk, Baneling  
  72  7:23  Zergling x4  
  72  7:24  Zergling x2  
  72  7:25  Baneling x2  
  72  7:26  Baneling, Zergling x2  
  75  7:51  Overlord x4  
  75  7:52  Overlord  
  64  8:07  Mutalisk  
  64  8:08  Mutalisk x4  
  73  8:17  Mutalisk x4  
  81  8:22  Baneling x3  
  81  8:23  Baneling x2  
  81  8:27  Mutalisk  
  81  8:28  Hatchery  
  81  8:31  Zergling x2  
  83  8:37  Zergling x4  
  84  8:59  Mutalisk x2  
  84  9:00  Mutalisk  
  89  9:04  Drone x5  
  94  9:10  Baneling x4  
  94  9:11  Baneling  
  94  9:20  Mutalisk  
  94  9:22  Zergling x10  
  94  9:23  Zergling x2  
  100  9:30  Roach Warren  
  99  9:33  Mutalisk  
  99  9:34  Mutalisk  
  103  9:44  Mutalisk  
  103  9:46  Zergling x2  
  103  9:47  Zergling x12  
  103  9:51  Zergling x2  
  111  9:52  Queen  
  111  9:54  Spine Crawler, Zergling x2  
  113  10:03  Zergling x6  
  116  10:09  Zergling x4  
  116  10:10  Zergling x6  
  121  10:27  Drone  
  122  10:29  Overlord x4  
  122  10:30  Overlord  
  121  10:40  Drone x2  
  119  10:45  Drone x2  
  119  10:46  Overlord x2  
  123  10:53  Spine Crawler  
Tags
 
Add a new tag
Caveats
  • Supply blocks, unpowered buildings, or Contaminate may cause inaccurate times.
  • Supply counts are checked every 10 seconds.